BSA
VISTA PANTHERS @ AUSTIN RIVER SHARKS
03/06/2027
 
TOP OF THE 1ST
Vista Panthers batting - Pitching for Austin River Sharks : RHP Troy Lynn
Pitching: RHP Troy Lynn
Batting: LHB Brent Alonzo 0-0: Called Strike
0-1: Foul Ball, location: 2F
0-2: Ball
1-2: Ball
2-2: Ground out 6-3 (Groundball, 6)
Batting: LHB Bob Cunningham 0-0: Ball
1-0: Swinging Strike
1-1: Called Strike
1-2: Ball
2-2: Strikes out swinging
Batting: LHB Patrick Osborne 0-0: Called Strike
0-1: Foul Ball, location: 2F
0-2: Ball
1-2: Strikes out swinging, 2-3 out at first.
Top of the 1st over - 0 run(s), 0 hit(s), 0 error(s), 0 left on base; Vista 0 - Austin 0
BOTTOM OF THE 1ST
Austin River Sharks batting - Pitching for Vista Panthers : RHP Dale Reese
Pitching: RHP Dale Reese
Batting: SHB Juan Acevado 0-0: Swinging Strike
0-1: Ball
1-1: Called Strike
1-2: Strikes out swinging
Batting: RHB Clark Hodge 0-0: Swinging Strike
0-1: Swinging Strike
0-2: Ball
1-2: Strikes out swinging
Batting: SHB Juan Castro 0-0: Called Strike
0-1: Swinging Strike
0-2: Strikes out looking
Bottom of the 1st over - 0 run(s), 0 hit(s), 0 error(s), 0 left on base; Vista 0 - Austin 0
TOP OF THE 2ND
Vista Panthers batting - Pitching for Austin River Sharks : RHP Troy Lynn
Batting: SHB Mark Wells 0-0: Called Strike
0-1: Foul Ball, location: 2F
0-2: Ball
1-2: Foul Ball, location: 2F
1-2: Ball
2-2: Ball
3-2: SINGLE (Line Drive, 89S)
Batting: RHB Bonifacio Torres 0-0: Called Strike
0-1: SINGLE (Flyball, 9LS)
Mark Wells to second
Runner from 2nd tries for 3rd, SAFE, no throw
Batting: RHB John Mendelson 0-0: Swinging Strike
0-1: Ball
1-1: Ball
2-1: Foul Ball, location: 2F
2-2: Grounds into double play, 5-4-3 (Groundball, 56)
Mark Wells scores
Batting: RHB Cisco Gatán 0-0: Ground out 1-3 (Groundball, 13S)
Top of the 2nd over - 1 run(s), 2 hit(s), 0 error(s), 0 left on base; Vista 1 - Austin 0
BOTTOM OF THE 2ND
Austin River Sharks batting - Pitching for Vista Panthers : RHP Dale Reese
Batting: LHB Pedro Zaragoza 0-0: Ball
1-0: Called Strike
1-1: Ball
2-1: Called Strike
2-2: DOUBLE (Line Drive, 9D)
Batting: RHB Kenneth Roberts 0-0: Called Strike
0-1: Called Strike
0-2: Foul Ball, location: 2F
0-2: Foul Ball, location: 2F
0-2: Ball
1-2: Strikes out swinging
Batting: LHB Terry Maloney 0-0: Ball
1-0: Called Strike
1-1: Swinging Strike
1-2: Ball
2-2: SINGLE (Groundball, 4D)
Pedro Zaragoza to third
Batting: RHB Carlos Guzmán 0-0: Ball
1-0: Fly out, F6 (Line Drive, 6M)
Batting: RHB Orlando Bruno 0-0: Ball
1-0: SINGLE (Line Drive, 7S)
Pedro Zaragoza scores
Terry Maloney to second
Batting: LHB Miguel Pérez 0-0: Ball
1-0: Called Strike
1-1: Ground out U3 (Groundball, 34)
Bottom of the 2nd over - 1 run(s), 3 hit(s), 0 error(s), 2 left on base; Vista 1 - Austin 1
TOP OF THE 3RD
Vista Panthers batting - Pitching for Austin River Sharks : RHP Troy Lynn
Batting: RHB Salvador Salas 0-0: Ground out 4-3 (Groundball, 34)
Batting: RHB Justin Burgess 0-0: Ball
1-0: Foul Ball, location: 2F
1-1: SINGLE (Line Drive, 56)
Batting: LHB Brent Alonzo 0-0: Ball
1-0: Fielders Choice at 2nd, 4-6 (Groundball, 34)
Batting: LHB Bob Cunningham 0-0: Called Strike
0-1: Swinging Strike
0-2: Fly out, F2 (Popup, 13S)
Top of the 3rd over - 0 run(s), 1 hit(s), 0 error(s), 1 left on base; Vista 1 - Austin 1
BOTTOM OF THE 3RD
Austin River Sharks batting - Pitching for Vista Panthers : RHP Dale Reese
Batting: SHB Juan Acevado 0-0: SINGLE (Groundball, 23) (infield hit)
Batting: RHB Clark Hodge 0-0: Foul Ball, location: 2F
0-1: Fly out, F6 (Line Drive, 6M)
Batting: SHB Juan Castro 0-0: Grounds into double play, 4-6-3 (Groundball, 4)
Bottom of the 3rd over - 0 run(s), 1 hit(s), 0 error(s), 0 left on base; Vista 1 - Austin 1
TOP OF THE 4TH
Vista Panthers batting - Pitching for Austin River Sharks : RHP Troy Lynn
Batting: LHB Patrick Osborne 0-0: Called Strike
0-1: Swinging Strike
0-2: Ball
1-2: Strikes out looking
Batting: SHB Mark Wells 0-0: Called Strike
0-1: Ball
1-1: Foul Ball, location: 2F
1-2: Ground out U3 (Groundball, 34)
Batting: RHB Bonifacio Torres 0-0: DOUBLE (Groundball, 5L)
Batting: RHB John Mendelson 0-0: Ball
1-0: Ball
2-0: Ball
3-0: Called Strike
3-1: SINGLE (Line Drive, 8RS)
Bonifacio Torres to third
Runner from 3rd tries for Home, SAFE, no throw
Batting: RHB Cisco Gatán 0-0: Ball
1-0: Swinging Strike
1-1: TRIPLE (Flyball, 8LXD)
John Mendelson scores
Batting: RHB Salvador Salas 0-0: Swinging Strike
0-1: Swinging Strike
0-2: Ground out 5-3 (Groundball, 56)
Top of the 4th over - 2 run(s), 3 hit(s), 0 error(s), 1 left on base; Vista 3 - Austin 1
BOTTOM OF THE 4TH
Austin River Sharks batting - Pitching for Vista Panthers : RHP Dale Reese
Batting: LHB Pedro Zaragoza 0-0: Ball
1-0: Ball
2-0: Called Strike
2-1: Foul Ball, location: 2F
2-2: Ground out 4-3 (Groundball, 4)
Batting: RHB Kenneth Roberts 0-0: SINGLE (Flyball, 78S)
Batting: LHB Terry Maloney 0-0: Called Strike
0-1: Ball
1-1: Swinging Strike
1-2: Foul Ball, location: 2F
1-2: Foul Ball, location: 2F
1-2: Foul Ball, location: 2F
1-2: Strikes out swinging
Batting: RHB Carlos Guzmán 0-0: Called Strike
0-1: Foul Ball, location: 2F
0-2: Foul Ball, location: 2F
0-2: Ball
1-2: Foul Ball, location: 2F
1-2: Foul Ball, location: 2F
1-2: Ball
2-2: Ground out U3 (Groundball, 34)
Bottom of the 4th over - 0 run(s), 1 hit(s), 0 error(s), 1 left on base; Vista 3 - Austin 1
TOP OF THE 5TH
Vista Panthers batting - Pitching for Austin River Sharks : RHP Troy Lynn
Pitching: RHP Tatsuzo Harada
Batting: RHB Justin Burgess 0-0: Fly out, F7 (Line Drive, 7LM)
Batting: LHB Brent Alonzo 0-0: Ball
1-0: Ball
2-0: Ball
3-0: Called Strike
3-1: SINGLE (Groundball, 6) (infield hit)
Batting: LHB Bob Cunningham 0-0: Ball
Throwing error on steal attempt, E2
Brent Alonzo to third
1-0: Called Strike
1-1: Foul Ball, location: 2F
1-2: Strikes out swinging
Batting: LHB Patrick Osborne 0-0: Fly out, F9 (Flyball, 89M)
Top of the 5th over - 0 run(s), 1 hit(s), 1 error(s), 1 left on base; Vista 3 - Austin 1
BOTTOM OF THE 5TH
Austin River Sharks batting - Pitching for Vista Panthers : RHP Dale Reese
Pitching: RHP Dave Jackson
Batting: RHB Orlando Bruno 0-0: Ball
1-0: Foul Ball, location: 2F
1-1: Ball
2-1: Swinging Strike
2-2: Foul Ball, location: 2F
2-2: Fly out, F8 (Flyball, 89D)
Batting: LHB Miguel Pérez 0-0: Called Strike
0-1: Foul Ball, location: 2F
0-2: Ball
1-2: Foul Ball, location: 2F
1-2: Strikes out swinging
Batting: SHB Juan Acevado 0-0: Foul Ball, location: 2F
0-1: Ball
1-1: Fly out, F7 (Flyball, 7S)
Bottom of the 5th over - 0 run(s), 0 hit(s), 0 error(s), 0 left on base; Vista 3 - Austin 1
TOP OF THE 6TH
Vista Panthers batting - Pitching for Austin River Sharks : RHP Tatsuzo Harada
Batting: SHB Mark Wells 0-0: Swinging Strike
0-1: Called Strike
0-2: Strikes out swinging
Batting: RHB Bonifacio Torres 0-0: Ball
1-0: Fly out, F9 (Flyball, 9LMF)
Batting: RHB John Mendelson 0-0: Called Strike
0-1: Ground out 5-3 (Groundball, 5L)
Top of the 6th over - 0 run(s), 0 hit(s), 0 error(s), 0 left on base; Vista 3 - Austin 1
BOTTOM OF THE 6TH
Austin River Sharks batting - Pitching for Vista Panthers : RHP Dave Jackson
Batting: RHB Clark Hodge 0-0: Foul Ball, location: 2F
0-1: Ball
1-1: Swinging Strike
1-2: Strikes out swinging
Batting: SHB Juan Castro 0-0: Called Strike
0-1: Called Strike
0-2: Ball
1-2: Ball
2-2: Ball
3-2: Base on Balls
Batting: LHB Pedro Zaragoza 0-0: Called Strike
0-1: Foul Ball, location: 2F
0-2: Ball
1-2: Fly out, F7 (Flyball, 78S)
Batting: RHB Kenneth Roberts 0-0: Foul Ball, location: 2F
0-1: Foul Ball, location: 2F
0-2: Ball
1-2: Reached on error, E5 (Groundball, 5S)
Juan Castro to third
Batting: LHB Terry Maloney 0-0: Foul Ball, location: 2F
0-1: Ball
1-1: Ground out 6-3 (Groundball, 6)
Bottom of the 6th over - 0 run(s), 0 hit(s), 1 error(s), 2 left on base; Vista 3 - Austin 1
TOP OF THE 7TH
Vista Panthers batting - Pitching for Austin River Sharks : RHP Tatsuzo Harada
Batting: RHB Cisco Gatán 0-0: Ball
1-0: Foul Ball, location: 2F
1-1: Ball
2-1: Foul Ball, location: 2F
2-2: Fly out, F2 (Popup, 25)
Batting: RHB Salvador Salas 0-0: Ball
1-0: Ball
2-0: Foul Ball, location: 2F
2-1: Swinging Strike
2-2: Ball
3-2: Base on Balls
Batting: RHB Justin Burgess 0-0: Foul Ball, location: 2F
0-1: Ground out 6-3 (Groundball, 6MD)
Salvador Salas to second
Pinch Hitting: RHB Phil Matthews 0-0: Called Strike
0-1: Ball
1-1: Foul Ball, location: 2F
1-2: Fly out, F9 (Flyball, 9S)
Top of the 7th over - 0 run(s), 0 hit(s), 0 error(s), 1 left on base; Vista 3 - Austin 1
BOTTOM OF THE 7TH
Austin River Sharks batting - Pitching for Vista Panthers : RHP Dave Jackson
Now at 2B: Francisco Marino
Batting: RHB Carlos Guzmán 0-0: Called Strike
0-1: Ball
1-1: Ball
2-1: Called Strike
2-2: Fly out, F9 (Flyball, 9)
Batting: RHB Orlando Bruno 0-0: Foul Ball, location: 2F
0-1: SINGLE (Flyball, 9LM)
Pitching: LHP Mario Tobías
Batting: LHB Miguel Pérez 0-0: Ball
1-0: Foul Ball, location: 2F
1-1: Foul Ball, location: 2F
1-2: Foul Ball, location: 2F
1-2: Ball
2-2: Ball
3-2: Strikes out looking
Orlando Bruno is caught stealing 2nd base
Batter strikes out.
Bottom of the 7th over - 0 run(s), 1 hit(s), 0 error(s), 0 left on base; Vista 3 - Austin 1
TOP OF THE 8TH
Vista Panthers batting - Pitching for Austin River Sharks : RHP Tatsuzo Harada
Pitching: LHP Dave Huot
Pinch Hitting: RHB Luis Martínez 0-0: Ball
1-0: SINGLE (Groundball, 56D)
Pinch Hitting: RHB Alfredo López 0-0: TRIPLE (Line Drive, 8RD)
Luis Martínez scores
Batting: RHB Griswold Coleman 0-0: Foul Ball, location: 2F
0-1: Ball
1-1: Foul Ball, location: 2F
1-2: Ball
2-2: Ball
3-2: Foul Ball, location: 2F
3-2: Fly out, F9 (Flyball, 9S)
Pinch Hitting: RHB Armando Colón 0-0: Ball
1-0: SINGLE (Line Drive, 7S)
Alfredo López scores
Pitching: LHP António Coronado
Pinch Hitting: LHB Ray Bryant 0-0: Foul Ball, location: 2F
0-1: Foul Ball, location: 2F
0-2: Strikes out swinging
Batting: RHB Cisco Gatán 0-0: Called Strike
0-1: Ball
Wild Pitch!
Armando Colón to second
1-1: Fly out, F2 (Popup, 25)
Top of the 8th over - 2 run(s), 3 hit(s), 0 error(s), 1 left on base; Vista 5 - Austin 1
BOTTOM OF THE 8TH
Austin River Sharks batting - Pitching for Vista Panthers : LHP Mario Tobías
Pitching: RHP José Betancourt
Now at 1B: Luis Martínez
Now in LF: Armando Colón
Now in CF: Alfredo López
Now in RF: Ray Bryant
Pinch Hitting: RHB Dan Wyatt 0-0: Called Strike
0-1: Ball
1-1: Fly out, F9 (Flyball, 9D)
Batting: RHB Clark Hodge 0-0: Ground out 6-3 (Groundball, 6)
Pinch Hitting: LHB Enrico Vargas 0-0: Ball
1-0: Fly out, F3 (Popup, 34)
Bottom of the 8th over - 0 run(s), 0 hit(s), 0 error(s), 0 left on base; Vista 5 - Austin 1
TOP OF THE 9TH
Vista Panthers batting - Pitching for Austin River Sharks : LHP António Coronado
Now at 1B: Dan Wyatt
Now at SS: Freddy Herrera
Pinch Hitting: RHB António López 0-0: Foul Ball, location: 2F
0-1: Ball
1-1: Swinging Strike
1-2: Ball
2-2: Strikes out swinging
Pinch Hitting: RHB Fletcher Reed 0-0: Ball
1-0: Fly out, F7 (Flyball, 78S)
Batting: LHB Francisco Marino 0-0: Called Strike
0-1: SINGLE (Groundball, 34D)
Batting: RHB Luis Martínez 0-0: Called Strike
Francisco Marino is caught stealing 2nd base
Top of the 9th over - 0 run(s), 1 hit(s), 0 error(s), 0 left on base; Vista 5 - Austin 1
BOTTOM OF THE 9TH
Austin River Sharks batting - Pitching for Vista Panthers : RHP José Betancourt
Now at 3B: Fletcher Reed
Now at SS: António López
Batting: RHB Cristián Peña 0-0: Foul Ball, location: 2F
0-1: Fly out, F7 (Flyball, 7D)
Batting: RHB Kenneth Roberts 0-0: Ball
1-0: Called Strike
1-1: Foul Ball, location: 2F
1-2: Ball
2-2: Strikes out looking
Batting: LHB Terry Maloney 0-0: Ball
1-0: Called Strike
1-1: SINGLE (Groundball, 34S) (infield hit)
Pinch Hitting: LHB Russell Peck 0-0: Swinging Strike
0-1: Ball
1-1: Fly out, F3 (Popup, 3L)
Bottom of the 9th over - 0 run(s), 1 hit(s), 0 error(s), 1 left on base; Vista 5 - Austin 1
Thursday, March 30th, 2017 - OOTP Baseball 17.12 Build 75